 Dungeon Crawl Stone Soup version 0.18.1-6-gd335043 (webtiles) character file.

11983 Moloch the Severer (level 11, -7/75 HPs)
             Began as a Demonspawn Fighter on May 16, 2016.
             Was a High Priest of Okawaru.
             Mangled by a fire elemental (10 damage)
             ... summoned by a deep elf mage
             ... on level 1 of the Orcish Mines.
             The game lasted 00:19:10 (11336 turns).

Moloch the Severer (Demonspawn Fighter)            Turns: 11336, Time: 00:19:10

Health: -7/75      AC: 19    Str: 26    XL:     11   Next: 56%
Magic:  11/11      EV:  6    Int: 11    God:    Okawaru [*****.]
Gold:   623        SH:  4    Dex: 12    Spells: 0 memorised, 10 levels left

rFire  . . .     SeeInvis .     N - +1 battleaxe (flame)
rCold  . . .     Gourm    .     t - +0 plate armour
rNeg   . . .     Faith    .     (shield currently unavailable)
rPois  +         Spirit   .     s - +0 helmet
rElec  .         Dismiss  .     c - +2 cloak {rPois}
rCorr  .         Reflect  +     (no gloves)
SustAt .         Harm     .     x - +0 pair of boots
MR     .....                    m - +4 amulet of reflection
Stlth  ..........               E - ring of poison resistance
                                v - +2 ring of strength

@: mighty, not resistant to hostile enchantments, extremely unstealthy
A: icy blue scales 2, powered by pain 2, spiny 1
a: Heroism, Finesse, Renounce Religion


You were on level 1 of the Orcish Mines.
You worshipped Okawaru.
Okawaru was extremely pleased with you.
You were not hungry.

You visited 3 branches of the dungeon, and saw 13 of its levels.

You collected 707 gold pieces.
You spent 84 gold pieces at shops.

Inventory:

Hand Weapons
 N - a +1 battleaxe of flaming (weapon)
Armour
 c - a +2 cloak of poison resistance (worn)
 s - a +0 helmet (worn)
 t - a +0 plate armour (worn)
 x - a +0 pair of boots (worn)
Jewellery
 m - a +4 amulet of reflection (around neck)
 v - a +2 ring of strength (left hand)
 E - a ring of poison resistance (right hand)
Wands
 h - a wand of teleportation (5/9)
 n - a wand of lightning (7/15)
 D - a wand of paralysis (4/24)
 P - a wand of polymorph (12/24)
Scrolls
 b - 3 scrolls of teleportation
 i - a scroll of remove curse
 l - a scroll of random uselessness {unknown}
 o - 4 scrolls of enchant weapon
 w - 5 scrolls of identify
 y - 3 scrolls of magic mapping
 C - a scroll of immolation {unknown}
 F - a scroll of torment {unknown}
 K - a scroll of fog {unknown}
 L - a scroll of fear {unknown}
 M - a scroll of acquirement {unknown}
Potions
 a - a potion of agility
 d - 2 potions of might
 e - 3 potions of lignification
 j - 4 potions of curing
 k - a potion of flight {unknown}
 p - 2 potions of mutation
 r - a potion of resistance
 u - 3 potions of heal wounds
 z - a potion of cure mutation
 G - 2 potions of haste
 H - a potion of brilliance
 J - a potion of magic
Comestibles
 f - 14 bread rations
 g - 5 meat rations
 q - 3 fruits
 A - a beef jerky
 B - 5 chunks of flesh


   Skills:
 + Level 3.5 Fighting
 * Level 15.9 Axes
 + Level 3.1 Armour
   Level 2.6 Shields


You had 10 spell levels left.
You didn't know any spells.

Dungeon Overview and Level Annotations

Branches:
Dungeon (11/15)            Temple (1/1) D:4            Lair (0/8) D:8
    Orc (1/2) D:10

Altars:
Ashenzari
Cheibriados
Dithmenos
Elyvilon
Fedhas
Gozag
Makhleb
Nemelex Xobeh
Okawaru
Pakellas
Qazlal
Sif Muna
Trog
Vehumet
Xom
Yredelemnul
Zin

Shops:
D:8 (

Annotations:
D:10 Yehuk's ghost, journeyman GrFi


Innate Abilities, Weirdness & Mutations

You are mostly covered in icy blue scales (AC +3, EV -1).
You sometimes gain power by taking damage.
You are partially covered in sharp spines.


Message History

You are covered in liquid flames!
* * * LOW HITPOINT WARNING * * *
The fire elemental is struck by your spines.
The fire elemental hits you. The fire elemental burns you!
* * * LOW HITPOINT WARNING * * *
The deep elf mage closely misses you.
Unknown command.
Unknown command.
Unknown command.
You closely miss the deep elf mage.
The deep elf mage is severely wounded.
You hit the fire elemental.
The fire elemental is moderately damaged.
You are covered in liquid flames!
* * * LOW HITPOINT WARNING * * *
The fire elemental is struck by your spines.
The fire elemental hits you.
* * * LOW HITPOINT WARNING * * *
The fire elemental burns you!
You die...

## ##.# ##### . #.. ###..#.##.
.# #.##..##.........
...#.#.##.#...#..........#
.............###§........#
..............##@e.......##
..............§#E.........#
....>.....##))§§#........#
.........#*e)...#........###
...........................##
)...............#....#......##
)............................#
.....................#.#....##
#.........[#.................#


You could see a deep elf mage and a fire elemental.

Vanquished Creatures
  An unseen horror (D:11)
  2 hill giants
  2 deep elf magi (Orc:1)
  A cyclops (D:11)
  Psyche (D:8)
  Joseph (D:10)
  3 trolls
  A two-headed ogre (D:10)
  A spriggan (D:7)
  8 yaks
  A wyvern (D:11)
  3 hippogriffs
  4 wargs
  A mottled dragon (D:11)
  A water moccasin (D:11)
  5 ice beasts
  A sky beast (D:10)
  5 orc warriors
  4 phantoms
  5 ogres
  3 centaurs
  A crocodile (D:8)
  2 big kobolds
  4 giant frogs
  4 scorpions
  A water moccasin skeleton (D:11)
  6 killer bees (D:11)
  5 wights
  10 howler monkeys
  A centaur zombie (D:9)
  A wasp zombie (D:10)
  3 crimson imps
  A hound (D:8)
  3 jellies
  7 orc priests
  A giant frog skeleton (D:4)
  2 centaur skeletons
  14 orc wizards
  5 worker ants
  2 sheep (D:11)
  2 worker ant zombies
  A howler monkey zombie (D:9)
  13 adders
  3 gnolls (D:7)
  A river rat (D:8)
  6 shadow imps
  4 oozes
  4 adder skeletons
  2 adder zombies
  2 worms (D:2)
  2 dart slugs
  5 giant geckos
  43 orcs
  8 bats
  6 giant cockroaches
  7 goblins
  10 hobgoblins
  13 jackals
  15 kobolds
  6 quokkas
  4 giant newts
  A jackal skeleton (D:8)
  13 rats
  13 fungi (D:8)
  A plant (D:8)
312 creatures vanquished.

Vanquished Creatures (others)
  An orc wizard (Orc:1)
  4 fungi (D:8)
5 creatures vanquished.

Grand Total: 317 creatures vanquished

Notes
Turn   | Place    | Note
--------------------------------------------------------------
     0 | D:1      | Moloch the Demonspawn Fighter began the quest for the Orb.
     0 | D:1      | Reached XP level 1. HP: 18/18 MP: 1/1
   119 | D:1      | Reached skill level 2 in Axes
   167 | D:1      | Gained mutation: You are partially covered in icy blue scales (AC +1). [demonic ancestry]
   167 | D:1      | Reached XP level 2. HP: 22/24 MP: 2/2
   381 | D:1      | Reached skill level 3 in Axes
   404 | D:1      | Reached XP level 3. HP: 24/29 MP: 3/3
  1210 | D:2      | Found a shimmering altar of Xom.
  1392 | D:2      | Reached XP level 4. HP: 35/35 MP: 4/4
  1477 | D:2      | Reached skill level 4 in Axes
  2043 | D:3      | Reached XP level 5. HP: 37/41 MP: 5/5
  2515 | D:4      | Reached skill level 5 in Axes
  2547 | D:4      | Found a staircase to the Ecumenical Temple.
  2699 | D:4      | Noticed an ogre
  2702 | Temple   | Entered the Ecumenical Temple
  2708 | Temple   | Became a worshipper of Warmaster Okawaru
  2719 | D:4      | Killed an ogre
  2719 | D:4      | Reached XP level 6. HP: 43/47 MP: 6/6
  2811 | D:4      | Reached skill level 6 in Axes
  3378 | D:4      | Found a sparkling altar of Nemelex Xobeh.
  3450 | D:5      | Entered Level 5 of the Dungeon
  3524 | D:5      | Reached * piety under Okawaru
  3524 | D:5      | Reached skill level 7 in Axes
  3524 | D:5      | Gained mutation: You sometimes gain a little power by taking damage. [demonic ancestry]
  3524 | D:5      | Reached XP level 7. HP: 41/52 MP: 7/7
  4192 | D:6      | Reached skill level 8 in Axes
  4730 | D:6      | Reached XP level 8. HP: 57/58 MP: 8/8
  5272 | D:7      | Reached skill level 9 in Axes
  5588 | D:7      | Reached ** piety under Okawaru
  5784 | D:7      | Found an opulent altar of Gozag.
  5890 | D:7      | Reached skill level 10 in Axes
  6587 | D:8      | Found Beeffis's Antique Weapon Shoppe.
  6596 | D:8      | Gained mutation: You are partially covered in sharp spines. [demonic ancestry]
  6596 | D:8      | Reached XP level 9. HP: 63/63 MP: 9/9
  6605 | D:8      | Bought a glowing war axe for 84 gold pieces
  6645 | D:8      | Found an oddly glowing altar of Pakellas.
  6646 | D:8      | Noticed Psyche
  6652 | D:8      | Killed Psyche
  6652 | D:8      | Reached *** piety under Okawaru
  6652 | D:8      | Reached skill level 11 in Axes
  6791 | D:8      | Found a staircase to the Lair.
  7219 | D:9      | Reached skill level 12 in Axes
  7271 | D:9      | Identified the Compendium of Entrancing Transmutation
  7875 | D:10     | Entered Level 10 of the Dungeon
  7875 | D:10     | Noticed a hill giant
  7888 | D:10     | Killed a hill giant
  7888 | D:10     | Reached **** piety under Okawaru
  7967 | D:10     | Noticed Joseph
  7972 | D:10     | Gained mutation: You sometimes gain power by taking damage. [demonic ancestry]
  7972 | D:10     | Reached XP level 10. HP: 42/70 MP: 10/10
  7978 | D:10     | Killed Joseph
  7978 | D:10     | Reached skill level 13 in Axes
  8235 | D:10     | Noticed Yehuk's ghost (journeyman GrFi)
  8763 | D:11     | Reached skill level 14 in Axes
  8766 | D:11     | Reached ***** piety under Okawaru
  8823 | D:11     | Noticed a hill giant
  8965 | D:11     | Killed an unseen horror
  9104 | D:11     | Killed a hill giant
  9399 | D:11     | Gained mutation: You are mostly covered in icy blue scales (AC +3, EV -1). [demonic ancestry]
  9399 | D:11     | Reached XP level 11. HP: 52/75 MP: 8/11
  9538 | D:11     | Reached skill level 15 in Axes
  9958 | D:10     | Found a staircase to the Orcish Mines.
 10288 | D:10     | Received a gift from Okawaru
 10675 | Orc:1    | Entered Level 1 of the Orcish Mines
 11072 | Orc:1    | Noticed a deep elf mage
 11073 | Orc:1    | Noticed a deep elf mage
 11075 | Orc:1    | Noticed a deep elf mage
 11076 | Orc:1    | Noticed a deep elf mage
 11326 | Orc:1    | Killed a deep elf mage
 11334 | Orc:1    | Killed a deep elf mage
 11336 | Orc:1    | HP: 3/75 [fire elemental[a deep elf mage] (1)]
 11336 | Orc:1    | Mangled by a fire elemental

Skill      XL: |  1  2  3  4  5  6  7  8  9 10 11 |
---------------+----------------------------------+-----
Axes           | 2 3 4 5 7 8 10 12 14 15 | 15.9
Armour         | 3 |  3.1
Fighting       | |  3.5
Shields        | |  2.6

Action                   |  1- 3 |  4- 6 |  7- 9 | 10-12 || total
-------------------------+-------+-------+-------+-------++-------
Melee: War axe           |    90 |   228 |   457 |   222 ||   997
       Battleaxe         |       |       |       |    83 ||    83
Invok: Heroism           |       |       |     2 |     4 ||     6
Evoke: Wand              |       |     2 |     2 |     3 ||     7
  Use: Scroll            |       |       |    10 |    10 ||    20
       Potion            |       |       |     3 |     1 ||     4
 Stab: Paralysed         |       |       |     9 |     4 ||    13
  Eat: Chunk             |     2 |     7 |    13 |    11 ||    33
       Pizza             |       |       |     1 |       ||     1
       Fruit             |       |       |       |     1 ||     1
Armor: Scale mail        |    53 |       |       |       ||    53
       Chain mail        |       |   117 |    50 |       ||   167
       Plate armour      |       |       |   113 |   201 ||   314
       Skin              |       |       |     4 |       ||     4
Dodge: Dodged            |    24 |    29 |    41 |    38 ||   132
Block: Shield            |    42 |   147 |   240 |   149 ||   578
       Reflection        |       |     2 |     3 |     7 ||    12
       Other             |       |       |       |    14 ||    14
